Map: Ultralove

Players

aaa

  • Race: Protoss Protoss
  • League: Diamond
  • Spawn Location: 1:00

wootwoot - Winner!

  • Race: Zerg Zerg
  • League: Diamond
  • Spawn Location: 7:00

VOD

Have the link to the VOD?

Description

Time

  • Played on: April 4, 2025, 1:35 a.m.
  • Length: 3:03
Show
View Real Time Build Order
Export as new Build Order

aaa Protoss 

Build Orders:  

Get SALT Encoding   

  12  0:00  Probe  
  13  0:12  Probe  
  14  0:18  Pylon  
  14  0:25  Probe  
  15  0:37  Probe  
  15  0:38  Gateway  
  16  0:49  Probe  
  17  0:58  Probe  
  17  0:59  Assimilator  
  17  1:01  Assimilator  
  18  1:06  Probe  
  19  1:13  Gateway  
  19  1:15  Probe  
  20  1:26  Cybernetics Core, Zealot  
  22  1:45  Pylon  
  22  1:54  Probe  
  22  1:58  Zealot  
  13  2:24  Zealot  
Show
View Real Time Build Order
Export as new Build Order

wootwoot Zerg - Winner!

Build Orders: Pool Only 

Get SALT Encoding   

  12  0:18  Spawning Pool  
  11  0:22  Drone  
  11  0:26  Drone  
  13  0:30  Drone  
  14  0:39  Overlord  
  14  1:05  Zergling x6  
  17  1:16  Zergling x2  
  18  1:27  Zergling x2  
  19  1:37  Zergling x2  
  20  1:49  Zergling x2  
  21  2:04  Zergling x2  
  22  2:13  Zergling x2  
  19  2:20  Zergling x2  
  17  2:31  Zergling x2  
Tags
 
Matchup
PvZ
Opening
Pool Only
Replay Pack
B2M-Replays
Spawn Locations
Cross Positions
Add a new tag
Caveats
  • Supply blocks, unpowered buildings, or Contaminate may cause inaccurate times.
  • Supply counts are checked every 10 seconds.